 Dungeon Crawl Stone Soup version 0.29.0-4-gdea44cf6ec (webtiles) character file.

Game seed: 2356124483244753446

221 qw the Ruffian (level 5, -4/41 HPs)
             Began as a Ghoul Fire Elementalist on Aug 30, 2022.
             Was an Initiate of Okawaru.
             Slain by an orc
             ... wielding a +1 flail of distortion
              (22 damage)
             ... on level 4 of the Dungeon.
             The game lasted 00:02:28 (4117 turns).

qw the Ruffian (Ghoul Fire Elementalist)            Turns: 4117, Time: 00:02:28

Health: -4/41      AC:  8    Str: 14    XL:     5   Next: 98%
Magic:  6/6        EV:  6    Int: 10    God:    Okawaru [......]
Gold:   166        SH:  2    Dex:  9    Spells: 6/7 levels left

rFire   . . .      SeeInvis .     - Unarmed
rCold   + . .      Faith    .   c - +0 buckler
rNeg    + + +      Spirit   .   m - +0 chain mail
rPois   inf        Reflect  .   (no helmet)
rElec   .          Harm     .   (no cloak)
rCorr   +          Rampage  .   (no gloves)
Will    .....                   (no boots)
Stlth   ..........              (no amulet)
HPRegen 0.00/turn               d - ring of resist corrosion
MPRegen 0.10/turn               (no ring)

@: inhibited regen
A: claws 1, cold resistance 1, negative energy resistance 3, inhibited
regeneration, torment resistance 2, devour on kill
a: Renounce Religion


You were on level 4 of the Dungeon.
You worshipped Okawaru.
Okawaru was noncommittal.
You visited 1 branch of the dungeon, and saw 4 of its levels.

You collected 166 gold pieces.


Innate Abilities, Weirdness & Mutations

You are immune to poison.
You have sharp fingernails.
Your flesh is cold resistant. (rC+)
You are immune to negative energy. (rN+++)
You do not regenerate when monsters are visible.
You are immune to unholy pain and torment.
You thrive by killing the living.


   Skills:
 - Level 2.0 Fighting
 - Level 1.9 Armour
 - Level 1.7 Dodging
 - Level 2.1 Stealth
 + Level 0.0 Shields
 - Level 4.9 Unarmed Combat
 - Level 1.7 Spellcasting
 - Level 0.7 Conjurations
 - Level 2.4 Fire Magic


You had 6 spell levels left.
You knew the following spells:

 Your Spells              Type           Power      Damage    Failure   Level
a - Foxfire               Conj/Fire      16%        2x1d4     99%         1

Your spell library contained the following spells:

 Spells                   Type           Power      Damage    Failure   Level
 Scorch                   Fire           10%        2d5       100%        2
 Conjure Flame            Conj/Fire      4%         6-21      100%        3
 Inner Flame              Hex/Fire       3%         N/A       100%        3
 Flame Wave               Conj/Fire      4%         2d5       100%        4

Inventory:

Missiles
 i - 5 boomerangs (quivered)
Armour
 c - a +0 buckler (worn)
 m - a +0 chain mail (worn)
Jewellery
 b - a +4 ring of evasion
 d - a ring of resist corrosion (left claw)
Scrolls
 f - a scroll of identify
Potions
 a - a potion of mutation {unknown}
 g - 2 potions of might
 h - a potion of lignification {unknown}
 j - a potion of attraction {unknown}
 l - a potion of flight {unknown}

Dungeon Overview and Level Annotations

Branches:
Dungeon (4/15)
 Temple: D:4-7

Altars:
Ashenzari
Okawaru
Xom


Message History

There is a stone staircase leading up here.
Existing waypoints: (1) D:2 (2) D:3 Assign waypoint to what number? (0-9, D - delete waypoint) Waypoint 1 re-assigned from D:2 to D:4.
You now have 166 gold pieces (gained 18).
Found a short sword.
Enter note: You hear a distant slurping noise.
b - a +4 ring of evasion
Found 5 stones.
Enter note:
Found a quarterstaff.
An orc priest comes into view.
It is wielding a +0 flail of holy wrath.
The orc priest shouts!
You hear a shout!
An orc comes into view.
It is wielding a +1 flail of distortion and quivering boomerangs of dispersal.
An orc comes into view. It is wielding a +0 short sword.
An orc and a kobold come into view.
The orc is wielding a +0 flail of holy wrath.
The orc shouts!
The kobold shouts!
The orc priest mumbles some strange prayers to Beogh against you.
Beogh smites you!
You scratch the orc priest but do no damage.
The orc priest hits you with a +0 flail of holy wrath.
You convulse.
You barely miss the orc priest. You block the orc priest's attack.
You closely miss the orc priest.
A jackal comes into view.
You block the orc priest's attack. The orc barely misses you.
The jackal barks!
You scratch the orc priest but do no damage.
You block the orc's attack.
A jackal comes into view.
4117 ||| Stepping ~*~*~tactically~*~*~ (outnumbered).
The orc attacks as you move away!
The orc hits you with a +1 flail of distortion.
Space warps horribly around you!!
Ouch! That really hurt!
You die...

h..... ##....# ......
#....# #....##
#####...oK
........oo##..####.
#........o@##......#
#..........##......#
#..........##......#
+..........##......#
#.........###......###
#.........##..........
#...................
#####.#.##...#..###
...)....#.##...#..####


You could see an orc priest, 3 orcs, a jackal (wandering) and a kobold.

Vanquished Creatures
  A vampire bat (D:3)
  A hound (D:3)
  2 adders
  A worm (D:2)
  A dart slug (D:1)
  3 fire bats (D:3)
  2 spectral bats (D:3)
  3 bat skeletons (D:3)
  A bat zombie (D:3)
  5 endoplasms
  3 giant cockroaches (D:2)
  A hobgoblin (D:3)
  7 jackals (D:1)
  2 quokkas (D:2)
  6 ball pythons
  11 bats
  A bat simulacrum (D:3)
  4 frilled lizards
  4 goblins
  3 kobolds
  3 rats
65 creatures vanquished.

Vanquished Creatures (others)
  3 plants (D:1)
3 creatures vanquished.

Grand Total: 68 creatures vanquished

Notes
Turn   | Place    | Note
-------+----------+-------------------------------------------
     0 | D:1      | qw the Ghoul Fire Elementalist began the quest for the Orb.
     0 | D:1      | Reached XP level 1. HP: 14/14 MP: 2/2
     0 | D:1      | 0 ||| qw: Version: 0.1-a-90-g952f4b7
     0 | D:1      | 0 ||| qw: Game counter: 4272
     0 | D:1      | 0 ||| qw: Always use a shield: true
     0 | D:1      | 0 ||| qw: God list: Okawaru
     0 | D:1      | 0 ||| qw: Allow faded altars: false
     0 | D:1      | 0 ||| qw: Do Orc after D:15 true
     0 | D:1      | 0 ||| qw: Do second Lair branch before Depths: true
     0 | D:1      | 0 ||| qw: Lair rune preference: random
     0 | D:1      | 0 ||| qw: Plans: Normal
     0 | D:1      | 0 ||| PLANNING D:1-11
   141 | D:1      | 141 ||| Stepping ~*~*~tactically~*~*~ (stealth).
   146 | D:1      | 146 ||| Stepping ~*~*~tactically~*~*~ (stealth).
   148 | D:1      | 148 ||| Stepping ~*~*~tactically~*~*~ (stealth).
   255 | D:1      | Reached skill level 1 in Unarmed Combat
   400 | D:1      | Reached XP level 2. HP: 22/22 MP: 3/3
   424 | D:1      | Reached skill level 1 in Fighting
   497 | D:1      | 497 ||| Stepping ~*~*~tactically~*~*~ (outnumbered).
   498 | D:1      | 498 ||| Stepping ~*~*~tactically~*~*~ (outnumbered).
   499 | D:1      | 499 ||| Stepping ~*~*~tactically~*~*~ (outnumbered).
   602 | D:1      | Found a faded altar of an unknown god.
   655 | D:1      | 655 ||| Stepping ~*~*~tactically~*~*~ (stealth).
   679 | D:1      | Reached skill level 2 in Unarmed Combat
   992 | D:1      | Reached XP level 3. HP: 28/28 MP: 4/4
  1212 | D:1      | 1212 ||| UPGRADING to +0 leather armour.
  1222 | D:1      | 1222 ||| DROPPING +0 robe.
  1223 | D:1      | 1223 ||| READING scroll labelled DESCHE HEHAOGA.
  1224 | D:1      | 1224 ||| READING scroll labelled INAATSE FOLEH.
  1225 | D:1      | 1225 ||| READING scroll labelled HUT QEWEAG.
  1229 | D:1      | 1229 ||| READING scroll labelled ZOHUXTIZXU.
  1230 | D:1      | 1230 ||| DRINKING 2 bubbling emerald potions.
  1231 | D:1      | 1231 ||| DRINKING 2 fuming black potions.
  1232 | D:1      | 1232 ||| DROPPING potion of magic.
  1463 | D:2      | HP: 5/28 [worm (7)]
  1464 | D:2      | 1464 ||| DRINKING potion of heal wounds.
  1639 | D:2      | Found an iron altar of Okawaru.
  1644 | D:2      | Became a worshipper of Warmaster Okawaru
  1659 | D:2      | Reached skill level 3 in Unarmed Combat
  2448 | D:2      | 2448 ||| UPGRADING to +0 chain mail.
  2458 | D:2      | 2458 ||| DROPPING +0 leather armour.
  2459 | D:2      | 2459 ||| UPGRADING to ring of resist corrosion.
  2460 | D:2      | 2460 ||| READING 2 scrolls labelled SYCUUHOCWOO.
  2461 | D:2      | 2461 ||| READING scroll labelled CUDUUD SOANKA.
  2462 | D:2      | 2462 ||| READING scroll labelled BUCAETTYGA.
  2463 | D:2      | 2463 ||| DROPPING scroll of fear.
  2540 | D:3      | Found a broken altar of Ashenzari.
  2582 | D:3      | Reached skill level 4 in Unarmed Combat
  2582 | D:3      | Reached XP level 4. HP: 12/35 MP: 5/5
  2893 | D:3      | Found an iron altar of Okawaru.
  2893 | D:3      | Found a shimmering altar of Xom.
  3380 | D:3      | 3380 ||| Stepping ~*~*~tactically~*~*~ (outnumbered).
  3391 | D:3      | Reached XP level 5. HP: 20/41 MP: 6/6
  3411 | D:3      | Reached skill level 1 in Armour
  3727 | D:3      | 3727 ||| Stepping ~*~*~tactically~*~*~ (outnumbered).
  4050 | D:3      | 4050 ||| UPGRADING to +0 buckler.
  4055 | D:3      | 4055 ||| READING scroll labelled KYISAOCR FENOT.
  4117 | D:4      | 4117 ||| Stepping ~*~*~tactically~*~*~ (outnumbered).
  4117 | D:4      | Slain by an orc

Levels and vault maps discovered:
D:1:      onia_arrival_mini_maze_b, layout_basic, serial_forest,
          infiniplex_forest_corner_1, infiniplex_forest_diagonal,
          infiniplex_forest_clump_curved, infiniplex_forest_lined_corner,
          infiniplex_forest_end_2, infiniplex_forest_lined_ring,
          infiniplex_forest_clump_C, basic_ecumenical_altar,
          amcnicky_mini_pool_small, hex_medium
D:2:      layout_loops_corners, basic_altar, minivault_26, grunt_ministairs_7,
          minmay_between
D:3:      cheibrodos_helix_gallery, layout_loops_cross,
          gammafunk_temple_overflow_claw, mainiacjoe_overflow_tiny_flanked,
          chequers_serial_rivers_micro_e, minivault_11, dk_noncrumbling_4,
          goddamned_bats
D:4:      layout_basic, mainiacjoe_overflow_alcove_1, uniq_edmund

Skill      XL: |  1  2  3  4  5 |
---------------+----------------+-----
Unarmed Combat | 1 2 4 |  4.9
Fighting       | 1 2 |  2.0
Armour         | 1 |  1.9
Dodging        | |  1.7
Stealth        | |  2.1
Spellcasting   | |  1.7
Conjurations   | |  0.7
Fire Magic     | |  2.4

Action                   |  1- 3 |  4- 6 || total
-------------------------+-------+-------++-------
Melee: Unarmed           |   139 |   117 ||   256
       Punch             |     5 |     3 ||     8
Throw: Boomerang         |     2 |     4 ||     6
  Use: Scroll            |     7 |     1 ||     8
       Potion            |     3 |       ||     3
 Stab: Sleeping          |     1 |       ||     1
Armor: Robe              |    10 |       ||    10
       Chain mail        |    12 |   165 ||   177
       Leather armour    |     5 |       ||     5
Dodge: Dodged            |    62 |    62 ||   124
Block: Buckler           |       |     3 ||     3

Table legend:
 A = Non-vault XP
 B = Vault XP
 C = Vault XP percentage of total XP
 D = Non-vault monster count
 E = Vault monster count
 F = Vault count percentage of total count
                 A         B        C        D         E       F
            +---------+---------+-------+---------+---------+-------
      Total |     119 |     197 |  62.3 |      37 |      28 |  43.1
            +---------+---------+-------+---------+---------+-------
        D:1 |      36 |       0 |   0.0 |      22 |       0 |   0.0
        D:2 |      30 |      10 |  25.0 |       9 |       6 |  40.0
        D:3 |      53 |     187 |  77.9 |       6 |      22 |  78.6
            +---------+---------+-------+---------+---------+-------
